Map: 트라이튼 - 래더

Players

Armani - Winner!

  • Race: Zerg Zerg
  • League: Grandmaster
  • Spawn Location: 11:00

Dream

  • Race: Terran Terran
  • League: Grandmaster
  • Spawn Location: 5:00

VOD

Have the link to the VOD?

Description

Time

  • Played on: Jan. 9, 2020, 5:38 a.m.
  • Length: 12:34
Show
View Real Time Build Order
Export as new Build Order

Armani Zerg - Winner!

Build Orders: Pool First 

Get SALT Encoding   

  12  0:00  Drone  
  13  0:12  Overlord  
  13  0:17  Drone  
  14  0:31  Drone x2  
  16  0:36  Drone  
  17  0:46  Extractor  
  17  0:47  Spawning Pool  
  17  0:49  Drone  
  16  0:56  Drone  
  17  1:06  Drone  
  18  1:17  Hatchery  
  17  1:23  Drone  
  18  1:33  Queen  
  18  1:34  Zergling x2  
  21  1:42  Overlord  
  21  1:48  Metabolic Boost  
  21  2:03  Drone  
  21  2:04  Drone  
  23  2:09  Queen  
  23  2:12  Drone  
  26  2:25  Drone  
  26  2:29  Queen  
  29  2:39  Drone x2  
  31  2:50  Hatchery  
  30  2:54  Drone x2  
  30  2:55  Drone  
  30  2:57  Zergling x2  
  34  3:02  Drone  
  34  3:03  Overlord  
  35  3:05  Drone  
  36  3:15  Extractor  
  36  3:17  Extractor, Queen  
  38  3:24  Drone  
  38  3:25  Overlord  
  39  3:28  Zergling x2  
  39  3:29  Zergling x4  
  39  3:30  Drone  
  39  3:31  Drone  
  44  3:40  Overlord  
  44  3:45  Drone x4  
  48  3:51  Drone  
  48  3:54  Drone  
  50  3:56  Queen  
  50  4:01  Drone  
  52  4:03  Queen  
  52  4:04  Zergling x6  
  52  4:06  Drone  
  52  4:07  Drone  
  57  4:15  Lair  
  57  4:16  Drone x2  
  59  4:17  Drone  
  57  4:24  Zergling x4  
  57  4:28  Drone  
  57  4:31  Drone x2  
  61  4:33  Queen  
  61  4:35  Drone x2  
  61  4:37  Overlord  
  65  4:40  Extractor, Overlord  
  65  4:41  Extractor  
  65  4:42  Drone  
  65  4:44  Drone  
  65  4:47  Overlord  
  65  4:55  Spore Crawler x2, Queen  
  65  4:56  Spore Crawler  
  65  4:57  Drone x2  
  65  4:58  Drone  
  67  5:00  Drone  
  67  5:01  Drone  
  67  5:03  Drone  
  67  5:05  Drone x2  
  72  5:07  Drone x2  
  74  5:16  Spire  
  74  5:17  Zergling x6  
  74  5:18  Drone  
  77  5:22  Drone  
  77  5:23  Overseer, Drone  
  77  5:26  Drone x2  
  81  5:31  Drone, Overlord  
  81  5:35  Drone  
  83  5:41  Drone  
  83  5:42  Zergling x6  
  85  5:44  Queen  
  85  5:45  Drone  
  85  5:46  Drone  
  85  5:47  Drone  
  85  5:49  Drone  
  89  5:50  Drone  
  89  5:51  Roach Warren  
  89  5:52  Drone  
  89  5:54  Drone  
  89  5:55  Drone x3  
  94  6:01  Drone x2  
  94  6:03  Extractor  
  96  6:04  Drone  
  96  6:05  Extractor  
  96  6:09  Extractor  
  94  6:16  Evolution Chamber, Overlord x3  
  94  6:17  Hatchery, Overlord  
  92  6:20  Zergling x2  
  92  6:24  Overlord  
  93  6:26  Overlord  
  93  6:27  Overlord  
  93  6:35  Glial Reconstitution, Corruptor x4  
  101  6:44  Corruptor x2  
  101  6:45  Corruptor  
  107  6:53  Zerg Flyer Weapons Level 1  
  104  6:55  Roach x2  
  104  6:58  Roach x2  
  111  7:04  Roach x3  
  111  7:06  Zergling x16  
  125  7:13  Zerg Missile Weapons Level 1  
  125  7:22  Corruptor  
  125  7:23  Corruptor  
  125  7:26  Roach x2  
  132  7:32  Ravager  
  132  7:33  Roach x2  
  134  7:37  Roach x3  
  134  7:38  Zergling x18  
  147  7:46  Drone  
  144  7:54  Drone x5  
  144  7:57  Corruptor x2  
  144  7:58  Corruptor  
  151  8:00  Drone  
  151  8:01  Drone  
  151  8:02  Corruptor  
  151  8:05  Drone  
  156  8:07  Extractor  
  156  8:08  Extractor  
  154  8:13  Drone  
  154  8:14  Drone x3  
  154  8:15  Hatchery, Drone  
  154  8:18  Overlord  
  154  8:19  Overlord  
  158  8:24  Roach  
  158  8:25  Overlord  
  158  8:26  Overlord  
  158  8:27  Overlord  
  160  8:35  Overlord  
  160  8:36  Overlord x2  
  156  8:46  Corruptor x5  
  146  8:52  Roach x4  
  149  8:59  Corruptor x2  
  151  9:03  Drone  
  151  9:08  Zerg Flyer Weapons Level 2  
  148  9:10  Corruptor  
  148  9:13  Roach x3  
  148  9:14  Zergling x14  
  163  9:22  Drone  
  163  9:23  Drone x2  
  166  9:24  Corruptor  
  166  9:25  Corruptor  
  166  9:29  Zergling x6  
  173  9:37  Ravager x4  
  177  9:39  Roach x2  
  177  9:40  Zergling x20  
  177  9:44  Drone  
  177  9:45  Extractor  
  191  9:48  Extractor  
  191  9:49  Ravager x2  
  191  9:51  Roach x4  
  200  9:58  Zerg Missile Weapons Level 2  
  129  10:37  Corruptor x9  
  129  10:40  Roach x5  
  129  10:41  Zergling x30  
  172  10:45  Drone  
  172  10:46  Evolution Chamber  
  172  10:47  Drone  
  172  10:49  Baneling Nest  
  172  10:50  Drone  
  172  10:51  Infestation Pit  
  172  10:54  Drone x5  
  178  10:57  Ravager  
  178  10:58  Drone  
  179  11:05  Roach x6  
  189  11:22  Drone  
  189  11:23  Drone x2  
  192  11:26  Roach x3  
  192  11:29  Pathogen Glands  
  198  11:48  Hatchery  
  154  12:09  Zergling x28  
  154  12:10  Zergling x12  
  154  12:11  Drone x2  
  196  12:21  Drone  
  196  12:22  Drone  
Show
View Real Time Build Order
Export as new Build Order

Dream Terran 

Build Orders: Gas First Reaper Expand, Hellion Opening, Mech 

Get SALT Encoding   

  12  0:00  SCV  
  13  0:12  SCV  
  14  0:17  Supply Depot  
  14  0:24  SCV  
  15  0:29  Refinery  
  15  0:38  SCV  
  16  0:44  Barracks  
  16  0:50  SCV  
  17  1:02  SCV  
  18  1:14  SCV  
  19  1:31  Reaper, Orbital Command  
  20  1:41  Command Center  
  20  1:52  Factory  
  20  1:57  SCV  
  21  2:05  Barracks Reactor  
  21  2:09  SCV  
  22  2:16  Supply Depot  
  22  2:20  Refinery  
  22  2:21  SCV  
  23  2:28  Bunker  
  23  2:37  SCV  
  24  2:47  Hellion  
  24  2:48  Starport, Hellion  
  28  2:53  SCV  
  29  3:00  Orbital Command  
  29  3:06  SCV  
  29  3:09  Hellion  
  32  3:15  Hellion  
  32  3:18  SCV  
  35  3:28  Fusion Core  
  35  3:30  SCV  
  35  3:32  SCV  
  37  3:36  Hellion  
  37  3:37  Hellion  
  41  3:42  SCV  
  41  3:44  SCV  
  41  3:45  Supply Depot  
  41  3:48  Starport Tech Lab  
  43  3:52  Marine  
  43  3:54  SCV  
  45  3:56  SCV  
  46  4:07  SCV  
  46  4:08  SCV  
  46  4:09  Supply Depot  
  48  4:16  Battlecruiser  
  50  4:26  SCV  
  50  4:28  SCV  
  48  4:34  Command Center  
  48  4:39  Factory  
  48  4:42  SCV x2  
  50  4:46  Refinery x2  
  50  4:54  SCV x2  
  52  5:00  Factory  
  52  5:05  Supply Depot  
  52  5:06  SCV x2  
  54  5:07  Hellion x2  
  58  5:18  SCV x2  
  60  5:26  Supply Depot  
  60  5:29  Battlecruiser  
  60  5:30  SCV x2  
  68  5:36  Hellion  
  68  5:42  Factory Tech Lab  
  70  5:46  SCV x2, Hellion  
  70  5:47  Supply Depot  
  70  5:48  Weapon Refit  
  74  5:52  Orbital Command  
  74  5:58  SCV  
  74  6:02  SCV  
  76  6:05  Factory Tech Lab  
  76  6:07  Refinery  
  76  6:10  SCV, Refinery  
  77  6:12  Hellion x2  
  77  6:14  SCV  
  77  6:17  Orbital Command  
  82  6:20  Siege Tank  
  82  6:22  SCV, Supply Depot  
  86  6:26  SCV  
  86  6:32  Supply Depot, Siege Tank  
  90  6:33  Supply Depot  
  90  6:34  SCV  
  90  6:38  SCV  
  92  6:42  SCV  
  92  6:46  SCV  
  94  6:50  SCV  
  91  6:55  SCV, Hellion x2  
  91  6:58  SCV  
  97  7:02  SCV  
  97  7:07  SCV  
  97  7:08  Siege Tank x2  
  105  7:11  SCV  
  105  7:12  Armory  
  105  7:13  Supply Depot, Armory  
  105  7:14  SCV  
  107  7:19  SCV  
  108  7:23  SCV  
  108  7:24  Engineering Bay  
  108  7:26  SCV  
  108  7:30  Widow Mine x2  
  108  7:31  SCV  
  108  7:32  Battlecruiser  
  108  7:35  SCV  
  118  7:38  SCV  
  118  7:41  Bunker  
  118  7:43  SCV  
  119  7:47  SCV  
  119  7:51  SCV  
  121  7:55  SCV  
  122  8:00  Hellion x2  
  122  8:02  Siege Tank x2  
  122  8:04  Terran Vehicle And Ship Armor Level 1, Terran Vehicle Weapons Level 1  
  132  8:07  Missile Turret  
  132  8:09  SCV  
  132  8:12  Supply Depot  
  133  8:13  Supply Depot  
  133  8:14  Missile Turret  
  133  8:15  SCV  
  134  8:28  Hellion x2  
  134  8:32  Factory  
  134  8:33  Factory  
  138  8:36  SCV  
  124  8:59  Command Center  
  125  9:10  Thor x2  
  134  9:17  Factory Reactor, Factory Tech Lab  
  134  9:18  Missile Turret  
  134  9:23  Missile Turret  
  134  9:26  Widow Mine x2  
  138  9:44  Hellion x6  
  138  9:55  Command Center  
  138  10:19  Missile Turret  
  109  10:38  Battlecruiser  
  109  10:42  Siege Tank x2  
  120  10:46  Orbital Command  
  120  10:50  Siege Tank  
  123  11:07  Hellion  
  123  11:08  Hellion x3  
  131  11:25  Orbital Command  
  134  11:32  Siege Tank  
  134  11:37  Siege Tank  
  137  11:53  Command Center  
  125  11:57  Siege Tank  
  110  12:02  Orbital Command  
  110  12:04  Hellbat  
  110  12:05  Hellbat x2  
Tags
 
Add a new tag
Caveats
  • Supply blocks, unpowered buildings, or Contaminate may cause inaccurate times.
  • Supply counts are checked every 10 seconds.